 Dungeon Crawl Stone Soup version 0.20.0-14-g326068f (webtiles) character file.

520 RudyRod the Shield-Bearer (level 7, -1/49 HPs)
             Began as a Formicid Fighter on June 8, 2017.
             Succumbed to a scorpion's poison
             ... on level 4 of the Dungeon.
             The game lasted 00:14:40 (4430 turns).

RudyRod the Shield-Bearer (Formicid Fighter)        Turns: 4430, Time: 00:14:41

Health: -1/49      AC:  7    Str: 20      XL:     7   Next: 45%
Magic:  7/7        EV:  9    Int:  7 (8)  God:
Gold:   178        SH: 11    Dex: 12      Spells: 6/6 levels left

rFire    . . .     SeeInvis +   a - +1 long sword
rCold    . . .     Gourm    .   c - +1 shield
rNeg     . . .     Faith    .   b - +0 scale mail
rPois    .         Spirit   .   (helmet unavailable)
rElec    .         Reflect  .   (no cloak)
rCorr    +         Harm     .   (no gloves)
MR       .....     Clarity  +   (no boots)
Stlth    +.........             (no amulet)
Regen    0.2/turn               j - +2 ring of strength
MPRegen  0.1/turn               i - ring of resist corrosion

@: lethally poisoned (-1 -> -13), flying
A: permanent stasis, dig shafts and tunnels, four strong arms, antennae 3,
clarity, frail 1, weak 1
a: Dig, Shaft Self


You were on level 4 of the Dungeon.
You were not hungry.

You visited 1 branch of the dungeon, and saw 4 of its levels.

You collected 178 gold pieces.

Inventory:

Hand Weapons
 a - a +1 long sword (weapon)
Armour
 b - a +0 scale mail (worn)
 c - a +1 shield (worn)
Jewellery
 i - a ring of resist corrosion (right hand)
 j - a +2 ring of strength (left hand)
 r - an uncursed ring of ice
Wands
 o - a wand of confusion (11/48)
 u - a wand of flame (18/48)
Scrolls
 d - 3 scrolls of fear {unknown}
 e - 2 scrolls of remove curse
 k - 4 scrolls of identify
 l - a scroll of enchant armour
Comestibles
 q - a meat ration


   Skills:
 * Level 4.8 Fighting
 + Level 4.2 Long Blades
 + Level 4.4 Armour
 * Level 1.6 Dodging
 * Level 2.9 Stealth
 + Level 5.3 Shields


You had 6 spell levels left.
You didn't know any spells.

Dungeon Overview and Level Annotations

Branches:
Dungeon (4/15)
 Temple: D:4-7

Altars:

Annotations:
D:4 Dowan, Duvessa


Innate Abilities, Weirdness & Mutations

You cannot be hasted, slowed, berserked, paralysed or teleported.
You can dig through walls and to a lower floor.
Your four strong arms can wield two-handed weapons with a shield.
You have a pair of large antennae on your head. (SInv)
You possess an exceptional clarity of mind.
You are frail. (-10% HP)
You are weak. (Str -2)


Message History

You are more poisoned.
The scorpion poisons you!
You closely miss the scorpion.
The scorpion is severely wounded.
* * * LOW HITPOINT WARNING * * *
You feel sick. The scorpion stings you.
* * * LOW HITPOINT WARNING * * *
You closely miss the scorpion.
The scorpion is severely wounded.
* * * LOW HITPOINT WARNING * * *
You feel sick. You block the scorpion's attack.
Your shield and scale mail prevent you from hitting the scorpion.
The scorpion is severely wounded.
* * * LOW HITPOINT WARNING * * *
You feel sick.
The scorpion stings you but does no damage.
Okay, then.
You barely miss the scorpion.
The scorpion is severely wounded.
You die...

###### #....# ..
####....# # .####
...'....+ .. ....
####....# #### #.#...
####....# ...# .....
.......##########...#.##
...
........................
#.###e
................@s.....#
#.....
.......###...####......#
###### .......###...#
##....# .............#
...# ....=).......# ...
####)#.......# ..
..##)#.......# .
#.##)#####...#
#.#..........##


You could see a scorpion.

Vanquished Creatures
  Sigmund (D:3)
  A hound (D:4)
  Natasha (thrice) (D:3)
  An orc wizard (D:4)
  A worker ant (D:4)
  A hound skeleton (D:4)
  Robin (D:4)
  7 adders
  A shadow imp (D:4)
  3 oozes
  2 worms
  3 dart slugs
  6 leopard geckos
  9 orcs
  A ball python (D:2)
  2 bats
  2 giant cockroaches (D:4)
  17 goblins
  6 hobgoblins
  7 jackals
  4 kobolds
  A quokka (D:2)
  5 frilled lizards (D:1)
  7 rats
92 creatures vanquished.

Notes
Turn   | Place    | Note
-------+----------+-------------------------------------------
     0 | D:1      | RudyRod the Formicid Fighter began the quest for the Orb.
     0 | D:1      | Reached XP level 1. HP: 18/18 MP: 1/1
   366 | D:1      | Reached XP level 2. HP: 24/24 MP: 2/2
   716 | D:1      | Reached XP level 3. HP: 25/30 MP: 3/3
  1061 | D:2      | Reached skill level 4 in Shields
  1192 | D:2      | Reached XP level 4. HP: 36/37 MP: 4/4
  1961 | D:3      | Noticed Sigmund
  1973 | D:3      | Killed Sigmund
  1973 | D:3      | Reached skill level 1 in Dodging
  1973 | D:3      | Reached XP level 5. HP: 8/43 MP: 5/5
  1973 | D:3      | Reached XP level 6. HP: 10/49 MP: 6/6
  2310 | D:3      | Noticed Natasha
  2321 | D:3      | Killed Natasha
  2321 | D:3      | Reached skill level 5 in Shields
  2429 | D:3      | Noticed Natasha
  2435 | D:3      | Killed Natasha
  2872 | D:3      | Noticed Natasha
  2895 | D:3      | Killed Natasha
  2895 | D:3      | Reached XP level 7. HP: 9/55 MP: 7/7
  3580 | D:4      | Noticed Duvessa
  3580 | D:4      | Noticed Dowan
  3811 | D:3      | Gained mutation: You are weak. (Str -2) [potion of mutation]
  3811 | D:3      | Gained mutation: You are frail. (-10% HP) [potion of mutation]
  3811 | D:3      | Gained mutation: You possess an exceptional clarity of mind. [potion of mutation]
  3846 | D:4      | Noticed Robin
  3876 | D:4      | Killed Robin
  4428 | D:4      | HP: 2/49 [poisoned by a scorpion]
  4430 | D:4      | Succumbed to a scorpion's poison

Skill      XL: |  1  2  3  4  5  6  7 |
---------------+----------------------+-----
Shields        | 4 5 |  5.3
Fighting       | 4 |  4.8
Long Blades    | 3 4 |  4.2
Armour         | 4 |  4.4
Dodging        | 1 |  1.6
Stealth        | 2 |  2.9

Action                   |  1- 3 |  4- 6 |  7- 9 || total
-------------------------+-------+-------+-------++-------
Melee: Long sword        |    93 |   189 |   113 ||   395
 Abil: Dig               |       |     2 |       ||     2
  Use: Potion            |       |     5 |     2 ||     7
       Scroll            |       |     2 |     4 ||     6
  Eat: Chunk             |     1 |     2 |       ||     3
       Bread ration      |       |     1 |     1 ||     2
       Royal jelly       |       |       |     1 ||     1
Armor: Scale mail        |    29 |    54 |    29 ||   112
Dodge: Dodged            |    29 |    51 |    43 ||   123
Block: Shield            |    46 |    88 |    54 ||   188
       Rpst.: Long sword |    15 |    20 |    15 ||    50
